 Dungeon Crawl Stone Soup version 0.29.1-2-gbd0b4ee654 (webtiles) character file.

Game seed: 8623972071936621096

1330 SBBC the Cleaver (level 8, -4/51 HPs)
             Began as a Minotaur Fighter on Nov 12, 2022.
             Was a Believer of Okawaru.
             Killed from afar by a wretched star (28 damage)
             ... with a lance of force
             ... on level 1 of the Abyss.
             The game lasted 00:09:28 (5624 turns).

SBBC the Cleaver (Minotaur Fighter)                 Turns: 5624, Time: 00:09:30

Health: -4/51      AC: 17    Str: 19      XL:     8   Next: 34%
Magic:  7/7        EV:  7    Int:  0 (1)  God:    Okawaru [**....]
Gold:   81         SH:  0    Dex:  5 (6)  Spells: 7/7 levels left

rFire   . . .      SeeInvis .   a - +0 war axe
rCold   . . .      Faith    .   B - +2 kite shield
rNeg    . . .      Spirit   .   b - +0 scale mail
rPois   .          Reflect  .   (helmet restricted)
rElec   .          Harm     .   (no cloak)
rCorr   .          Rampage  .   C - +0 pair of gloves
Will    .....      Rage     9%  j - +0 pair of boots
Stlth   ..........              (no amulet)
HPRegen 0.17/turn               o - +4 ring of protection
MPRegen 0.10/turn               p - +4 ring of protection

@: confused, slowed, lost intelligence, unable to read, unable to drink, very
slow
A: horns 2, retaliatory headbutt, [berserk 2], [clumsy 2], [deterioration 2],
[dopey 2], [frail 3], [screaming 2], [weak 2], [subdued magic 2], [inability to
drink after injury 2], [inability to read after injury 2]
a: Renounce Religion, Heroism


You were on level 1 of the Abyss.
You worshipped Okawaru.
Okawaru was pleased with you.
You visited 1 branch of the dungeon, and saw 5 of its levels.
You visited the Abyss 1 time.

You collected 312 gold pieces.
You spent 231 gold pieces at shops.

Inventory:

Hand Weapons
 a - a +0 war axe (weapon)
Missiles
 t - 3 poisoned darts (quivered)
Armour
 b - a +0 scale mail (worn)
 j - a +0 pair of boots (worn)
 B - a +2 kite shield (worn)
 C - a +0 pair of gloves (worn)
Jewellery
 o - a +4 ring of protection (left hand)
 p - a +4 ring of protection (right hand)
 r - a ring of protection from fire
 y - a ring of resist corrosion
Scrolls
 e - a scroll of torment
 h - 4 scrolls of teleportation
 i - a scroll of fear
 l - a scroll of enchant armour
 n - a scroll of poison
 s - 2 scrolls of vulnerability {unknown}
 v - a scroll of magic mapping {unknown}
 w - 2 scrolls of summoning {unknown}
 A - 2 scrolls of enchant weapon {unknown}
 D - a scroll of identify
Potions
 c - 2 potions of heal wounds
 d - a potion of might
 f - 6 potions of haste {unknown}
 g - 2 potions of curing
 k - 3 potions of berserk rage
 m - a potion of invisibility {unknown}
 q - 2 potions of magic {unknown}
 u - a potion of flight {unknown}
 x - a potion of lignification {unknown}
 z - a potion of attraction {unknown}


   Skills:
 + Level 7.8 Fighting
 * Level 10.0 Axes
 - Level 3.7 Armour
 + Level 4.3 Shields


You had 7 spell levels left.
You didn't know any spells.
Your spell library contained the following spells:

 Spells                   Type           Power      Damage    Failure   Level
 Ensorcelled Hibernation  Hex/Ice        0%         N/A       100%        2
 Passwall                 Tmut/Erth      0%         N/A       100%        2
 Gell's Gravitas          Tloc           0%         N/A       100%        3
 Lesser Beckoning         Tloc           0%         N/A       100%        3
 Portal Projectile        Hex/Tloc       0%         N/A       100%        3
 Swiftness                Air            0%         N/A       100%        3
 Teleport Other           Tloc           0%         N/A       100%        3
 Leda's Liquefaction      Hex/Erth       0%         N/A       100%        4
 Call Canine Familiar     Summ           Unusable   N/A       N/A         3

Dungeon Overview and Level Annotations

Branches:
Dungeon (5/15)             Temple (0/1) D:5

Altars:
Fedhas
Gozag
Nemelex Xobeh
Okawaru
Ru
Trog
Zin
Lugonu

Shops:
D:5 =!

Portals:
Abyss: D:5


Innate Abilities, Weirdness & Mutations

You have a pair of horns on your head.
You reflexively headbutt those who attack you in melee.
[You have an uncontrollable temper.]
[You are very clumsy. (Dex -4)]
[Your body often deteriorates upon taking damage.]
[You are very dopey. (Int -4)]
[You are extremely frail. (-30% HP)]
[You frequently scream uncontrollably at your foes.]
[You are very weak. (Str -4)]
[Your spells are easier to cast, but less powerful.]
[You sometimes lose the ability to drink potions when taking damage.]
[You sometimes lose the ability to read scrolls when taking damage.]


Message History

The lance of force hits you.
Your body deteriorates!
You feel clumsy.
You are knocked back by the lance of force.
You slam into the stone wall!
Okay, then.
The wretched star pulses with an eldritch light!
You feel clumsy. x2
The wretched star glows turbulently.
The lance of force hits you!
You feel threatened and lose the ability to read scrolls!
You feel threatened and lose the ability to drink potions!
Your body deteriorates!
You feel dopey.
You have lost your intelligence.
You are knocked back by the lance of force.
You slam into the stone wall!
The wretched star glows turbulently.
The lance of force hits you but does no damage.
You can move again.
The golden eye blinks at you.
You are confused.
The wretched star pulses with an eldritch light!
Your connection to magic feels subdued.
Your connection to magic feels more subdued.
The wretched star pulses with an eldritch light!
You feel the urge to shout.
You feel a strong urge to scream.
You feel less confused.
The wretched star pulses with an eldritch light!
You feel frail.
The wretched star glows turbulently.
You block the lance of force. The golden eye blinks at you.
You resist with almost no effort. The golden eye blinks at you.
You are confused.
You're too confused to move!
The golden eye blinks at you.
You easily resist.
The wretched star glows turbulently.
The lance of force hits you!!
Ouch! That really hurt!
You die...

§.. ###.. #.##.#. G.
# #...#..# .h# #. ...
#..##..
#.###..###..#.### # #
....#..#.. ..#..# #.
#.#....##.###.##
#..##.##.G###..#....
.##
...#...@..x.##.#.#.#
...
##..#.#..#*......##§#
. ..#.............#
#.
...#.##.......####.
.. ##. ## #....####
... .. #.#...# # . .
..##.#.# # ... #..#.
# .#. ....#


You could see a wretched star, a small abomination and a golden eye.

Vanquished Creatures
  A sky beast (D:4)
  A black bear (D:4)
  The ghost of qeuew the Ducker, an amateur MfGl of Okawaru (D:3)
  A centaur (D:5)
  2 phantoms
  2 necrophages
  A gnoll sergeant (D:5)
  2 scorpions
  A hound (D:5)
  An orc priest (D:5)
  A jelly (D:5)
  Jessica (D:2)
  2 iguanas (D:4)
  3 orc wizards (D:5)
  10 gnolls
  8 adders
  An ufetubus (D:4)
  A worm (D:3)
  6 dart slugs
  17 orcs
  5 endoplasms
  4 giant cockroaches
  8 goblins
  10 hobgoblins
  2 jackals (D:1)
  A quokka (D:1)
  4 ball pythons
  6 bats
  7 frilled lizards
  9 kobolds
  3 rats
122 creatures vanquished.

Notes
Turn   | Place    | Note
-------+----------+-------------------------------------------
     0 | D:1      | SBBC the Minotaur Fighter began the quest for the Orb.
     0 | D:1      | Reached XP level 1. HP: 19/19 MP: 0/0
    79 | D:1      | Reached XP level 2. HP: 14/27 MP: 1/1
   294 | D:1      | Reached skill level 3 in Axes
   626 | D:1      | Reached XP level 3. HP: 22/33 MP: 2/2
   914 | D:1      | Found a faded altar of an unknown god.
  1291 | D:2      | Reached skill level 4 in Axes
  1332 | D:2      | Reached XP level 4. HP: 39/41 MP: 3/3
  1378 | D:2      | Noticed Jessica
  1390 | D:2      | Killed Jessica
  1787 | D:2      | Reached skill level 5 in Axes
  2140 | D:3      | Noticed a phantom
  2148 | D:3      | Killed a phantom
  2149 | D:3      | Reached skill level 5 in Fighting
  2149 | D:3      | Reached XP level 5. HP: 46/48 MP: 4/4
  2328 | D:3      | Found a transporter.
  2333 | D:3      | Found a transporter.
  2333 | D:3      | Noticed qeuew's ghost (amateur MfGl)
  2517 | D:3      | Reached skill level 6 in Axes
  2601 | D:3      | Found an iron altar of Okawaru.
  2602 | D:3      | Found a bloodstained altar of Trog.
  2610 | D:3      | Reached XP level 6. HP: 56/56 MP: 5/5
  2617 | D:3      | Became a worshipper of Warmaster Okawaru
  2697 | D:3      | Found a glowing silver altar of Zin.
  2700 | D:3      | Found an opulent altar of Gozag.
  2703 | D:3      | Found a blossoming altar of Fedhas.
  2937 | D:3      | Killed qeuew's ghost
  3059 | D:4      | Reached skill level 7 in Axes
  3253 | D:4      | Reached * piety under Okawaru
  3254 | D:4      | Reached XP level 7. HP: 52/63 MP: 6/6
  3311 | D:4      | Reached skill level 8 in Axes
  3886 | D:5      | Entered Level 5 of the Dungeon
  3906 | D:5      | Found a one-way gate to the infinite horrors of the Abyss.
  3963 | D:5      | Found Fafib's Jewellery Shop.
  4038 | D:5      | Reached skill level 9 in Axes
  4294 | D:5      | Reached ** piety under Okawaru
  4471 | D:5      | Reached XP level 8. HP: 57/73 MP: 7/7
  4734 | D:5      | Found Rong's Distillery.
  4742 | D:5      | Bought 2 potions of heal wounds for 110 gold pieces
  4742 | D:5      | Bought a potion of curing for 33 gold pieces
  4742 | D:5      | Bought a potion of curing for 33 gold pieces
  4742 | D:5      | Bought a potion of berserk rage for 55 gold pieces
  5122 | D:5      | Found a sacrificial altar of Ru.
  5199 | D:5      | Found a staircase to the Ecumenical Temple.
  5254 | D:5      | Found a large runed translucent door.
  5254 | D:5      | Found a large runed translucent door.
  5258 | D:5      | Found a corrupted altar of Lugonu.
  5279 | D:5      | Reached skill level 10 in Axes
  5330 | D:5      | Found a sparkling altar of Nemelex Xobeh.
  5546 | Abyss:1  | Found a corrupted altar of Lugonu.
  5546 | Abyss:1  | Cast into level 1 of the Abyss (kobold brigand)
  5596 | Abyss:1  | Noticed a wretched star
  5609 | Abyss:1  | Noticed a raiju
  5616 | Abyss:1  | Lost intelligence.
  5624 | Abyss:1  | Killed from afar by a wretched star

Illustrated notes

Levels and vault maps discovered:
D:1:      saegor_arrival_simple_b, layout_loops_corners,
          dreamdust_ecumenical_altar_angels_and_demons, minmay_tetromino_o2
D:2:      layout_basic, dreamdust_wishing_well, guppyfry_early_orc_mine,
          uniq_jessica
D:3:      layout_basic, grunt_temple_overflow_bloody_war,
          grunt_temple_overflow_diamond, gammafunk_ghost_arena,
          chequers_serial_rivers_micro_d, minmay_fountain_box
D:4:      layout_gridville
D:5:      due_chaos_kobolds, layout_basic, nicolae_ru_great_annihilating_truth,
          nemelex_diamond_rough_becter, minmay_temple_entry_stoned_glass,
          serial_shops, nicolae_shop_stone, kennysheep_mini
Abyss:1:  base:
D:3

Skill      XL: |  1  2  3  4  5  6  7  8 |
---------------+-------------------------+-----
Axes           | 3 4 5 6 7 9 10 | 10.0
Fighting       | 4 5 6 7 |  7.8
Shields        | 4 |  4.3
Armour         | |  3.7

Action                   |  1- 3 |  4- 6 |  7- 9 || total
-------------------------+-------+-------+-------++-------
Melee: War axe           |    90 |   122 |   146 ||   358
       Headbutt          |     9 |    12 |    23 ||    44
  Use: Scroll            |       |       |     5 ||     5
 Stab: Paralysed         |       |       |     2 ||     2
Armor: Scale mail        |    43 |    70 |    71 ||   184
Dodge: Dodged            |    37 |    57 |    58 ||   152
Block: Buckler           |    17 |    20 |    18 ||    55
       Kite shield       |       |       |     9 ||     9
